Map: Frost LE

Players

HeroMarine

  • Race: Terran Terran

MarineLorD - Winner!

  • Race: Terran Terran

Event: 2016 WCS Summer Circuit Championship (DH Montreal)

VOD

Have the link to the VOD?

Description

Time

  • Played on: Aug. 13, 2016, 12:13 p.m.
  • Length: 15:15

All games in this series

Show
View Real Time Build Order
Export as new Build Order

HeroMarine Terran 

Build Orders: Reaper Expand, Bio Tank 

Get SALT Encoding   

  12  0:00  SCV  
  13  0:12  SCV  
  14  0:17  Supply Depot  
  14  0:25  SCV  
  14  0:28  Refinery  
  15  0:39  SCV  
  16  0:45  Barracks  
  16  0:51  SCV  
  17  1:03  SCV  
  18  1:15  SCV  
  19  1:32  Reaper, Orbital Command  
  20  1:44  Command Center  
  20  1:54  Factory  
  20  1:58  SCV  
  21  2:06  Barracks Reactor  
  21  2:09  Supply Depot  
  21  2:12  SCV  
  22  2:16  Refinery  
  22  2:24  SCV  
  23  2:36  SCV  
  24  2:38  Hellion  
  24  2:43  Starport, Marine x2  
  28  2:48  SCV  
  29  3:00  Factory Tech Lab, SCV  
  29  3:01  Marine x2  
  32  3:06  Orbital Command  
  32  3:12  SCV  
  33  3:19  Marine x2  
  35  3:21  Cyclone  
  35  3:24  SCV  
  40  3:33  Medivac  
  42  3:37  Marine x2, SCV  
  42  3:39  SCV  
  45  3:52  Supply Depot  
  45  3:53  SCV  
  46  3:59  Marine  
  46  4:00  Marine, SCV  
  44  4:05  SCV  
  44  4:08  Supply Depot  
  44  4:10  Viking  
  44  4:13  Cyclone, SCV  
  44  4:16  Marine  
  52  4:17  SCV  
  52  4:22  Marine  
  52  4:24  Barracks  
  54  4:29  SCV x2  
  56  4:34  Marine  
  56  4:38  Engineering Bay  
  56  4:41  SCV x2  
  61  4:53  SCV  
  61  4:54  Supply Depot, Viking  
  61  4:56  SCV  
  62  5:00  Supply Depot x2  
  62  5:12  Refinery  
  62  5:15  Marine x2  
  62  5:16  Siege Tank, SCV x2  
  69  5:28  SCV  
  68  5:32  SCV  
  59  5:35  Marine x2  
  59  5:37  Barracks Tech Lab  
  59  5:40  SCV  
  59  5:42  Terran Infantry Weapons Level 1  
  64  5:45  Command Center  
  64  5:49  Engineering Bay  
  67  5:50  Siege Tank  
  67  5:51  SCV  
  67  5:53  Marine, SCV  
  67  5:54  Starport Reactor  
  67  5:56  Marine  
  67  5:57  Marine, Stimpack  
  69  5:58  Refinery  
  70  6:06  Barracks  
  70  6:11  Marine  
  70  6:12  Barracks x2  
  70  6:14  Marine x2  
  70  6:17  Terran Infantry Armor Level 1  
  73  6:24  Siege Tank  
  76  6:29  Marine  
  76  6:32  Supply Depot x2, Medivac, Marine  
  80  6:36  Medivac  
  80  6:37  Marine  
  83  6:42  Supply Depot  
  83  6:46  Marine  
  83  6:49  Supply Depot  
  83  6:50  Marine  
  85  6:55  Marine  
  85  6:56  Siege Tank  
  85  6:57  Barracks Reactor  
  85  6:59  Orbital Command  
  85  7:00  Barracks Tech Lab, Barracks Reactor  
  89  7:04  Marine  
  89  7:08  Supply Depot, Marine, Medivac  
  89  7:18  Marine  
  89  7:19  Marine  
  89  7:22  Marine  
  91  7:23  Medivac  
  91  7:25  Marine  
  92  7:33  Marine  
  92  7:36  Marine  
  92  7:38  Marine x2  
  92  7:39  Marine  
  92  7:42  Siege Tank  
  92  7:43  Marine x2  
  92  7:44  Marine  
  94  7:47  Orbital Command  
  94  7:50  Combat Shields  
  94  7:51  Marine, SCV x2  
  96  7:54  Marine  
  96  7:55  Starport Reactor, Factory  
  96  7:56  Supply Depot, Marine  
  99  8:01  Marine x3  
  99  8:03  SCV x2  
  103  8:07  Barracks Reactor  
  103  8:08  Marine  
  103  8:10  Medivac  
  103  8:11  Marine  
  107  8:14  Marine  
  107  8:15  SCV  
  107  8:17  Medivac  
  107  8:18  SCV  
  107  8:19  Marine  
  113  8:23  Marine, SCV  
  113  8:24  Marine  
  113  8:26  Marine  
  117  8:29  Marine  
  117  8:30  Siege Tank  
  117  8:31  Marine  
  122  8:35  Supply Depot  
  122  8:37  Marine  
  122  8:40  Factory Tech Lab  
  123  8:41  Marine x2  
  123  8:44  Marine x2  
  123  8:46  Marine, Barracks  
  123  8:47  Marine  
  129  8:54  Medivac  
  124  8:58  Marine x2  
  124  9:02  Siege Tank  
  119  9:04  Marine  
  119  9:06  Marine x2  
  119  9:08  Marine x2  
  119  9:09  Marine, Siege Tank  
  123  9:10  SCV x2  
  123  9:11  Refinery, SCV  
  123  9:12  Medivac, Refinery  
  123  9:16  Marine x2  
  130  9:22  Marine, SCV  
  130  9:24  Marine x2  
  117  9:25  Marine  
  117  9:26  Marine  
  117  9:27  Marine  
  117  9:30  SCV  
  98  9:34  Marine x2  
  98  9:35  Medivac  
  98  9:38  SCV  
  100  9:39  Marine  
  100  9:41  Marine x2  
  100  9:42  SCV  
  100  9:43  Marine x2  
  100  9:44  Barracks Reactor  
  100  9:45  Marine  
  107  9:51  Siege Tank  
  107  9:52  Marine x2, Medivac  
  111  9:55  SCV  
  111  9:57  Marine  
  111  9:59  Marine x2, Siege Tank  
  118  10:01  Marine x2  
  118  10:02  Marine  
  121  10:10  Marine x2, Medivac  
  125  10:15  Marine  
  125  10:17  Marine x2, Armory  
  125  10:19  Marine x3  
  125  10:20  Marine x2  
  133  10:22  Medivac  
  133  10:27  Marine x2  
  137  10:33  Marine  
  137  10:34  Siege Tank  
  137  10:35  Marine x2  
  143  10:37  Marine x4  
  143  10:38  Marine  
  143  10:41  Sensor Tower  
  148  10:45  Marine x2  
  148  10:49  Siege Tank  
  153  10:51  Marine  
  153  10:52  Supply Depot  
  153  10:53  Marine x2  
  153  10:54  Marine  
  153  10:56  Supply Depot  
  157  11:02  Supply Depot  
  157  11:04  Supply Depot  
  157  11:08  Marine x2  
  157  11:09  Marine  
  157  11:10  Marine  
  157  11:11  Marine  
  142  11:21  Siege Tank  
  142  11:24  Marine  
  116  11:26  Marine  
  116  11:27  Marine x2  
  116  11:29  Marine  
  109  11:42  Marine  
  109  11:45  Marine  
  109  11:47  Marine  
  110  11:54  Siege Tank  
  113  12:03  Marine  
  113  12:04  Marine  
  113  12:10  Factory  
  113  12:12  Barracks  
  113  12:14  Barracks  
  112  12:22  Supply Depot  
  112  12:23  Supply Depot  
  112  12:24  Supply Depot x2  
  112  12:29  Marine x2  
  72  13:07  Marine x2  
  72  13:08  Factory Tech Lab  
  73  13:25  Marine  
  59  13:41  Command Center  
  57  13:50  Supply Depot  
  57  13:51  Supply Depot  
  56  14:11  Marine  
  56  14:12  Siege Tank  
  60  14:19  Marine  
  61  14:29  Marine  
Show
View Real Time Build Order
Export as new Build Order

MarineLorD Terran - Winner!

Build Orders: Hellion Opening, Reaper Expand, Bio Tank 

Get SALT Encoding   

  12  0:00  SCV  
  13  0:12  SCV  
  14  0:17  Supply Depot  
  14  0:24  SCV  
  15  0:28  Refinery  
  15  0:39  SCV  
  16  0:44  Barracks  
  16  0:51  SCV  
  17  1:03  SCV  
  18  1:15  SCV  
  19  1:31  Reaper, Orbital Command  
  20  1:45  Command Center  
  20  1:57  SCV  
  20  2:00  Factory  
  21  2:05  Barracks Reactor  
  21  2:10  SCV  
  21  2:12  Supply Depot  
  22  2:22  SCV  
  23  2:24  Refinery  
  23  2:34  SCV  
  24  2:45  Starport  
  24  2:47  SCV  
  24  2:49  Hellion  
  24  2:50  Hellion  
  29  2:57  Orbital Command  
  29  2:59  SCV  
  29  3:01  Barracks Tech Lab  
  30  3:11  Hellion  
  30  3:12  Hellion  
  34  3:14  SCV  
  35  3:23  Viking  
  35  3:26  SCV  
  38  3:27  SCV  
  39  3:39  SCV  
  39  3:43  Hellion x2  
  39  3:47  Supply Depot  
  43  3:50  SCV  
  43  3:52  Supply Depot  
  44  3:56  SCV  
  44  4:02  SCV  
  44  4:07  Raven  
  43  4:10  SCV  
  43  4:13  Supply Depot  
  43  4:14  SCV  
  45  4:19  Marine x2  
  45  4:22  SCV  
  48  4:26  Factory Tech Lab, SCV  
  49  4:34  SCV  
  50  4:38  Marine  
  50  4:39  Marine  
  50  4:40  SCV  
  50  4:44  Command Center  
  53  4:46  SCV  
  53  4:49  Siege Tank  
  53  4:52  SCV  
  58  4:59  SCV  
  59  5:00  Refinery  
  59  5:01  Supply Depot, Refinery  
  59  5:03  Viking  
  59  5:04  Viking, SCV  
  64  5:08  Marine  
  64  5:09  Stimpack  
  64  5:11  SCV  
  66  5:16  SCV  
  64  5:23  SCV  
  64  5:26  Marine  
  61  5:29  SCV  
  61  5:35  SCV  
  55  5:41  Viking x2, SCV  
  59  5:47  SCV  
  59  5:49  Engineering Bay  
  60  5:50  Engineering Bay  
  60  5:52  Marine  
  60  5:53  SCV  
  60  5:55  Siege Tank  
  65  5:59  SCV  
  65  6:01  Supply Depot  
  66  6:05  SCV  
  66  6:09  Barracks  
  66  6:10  Barracks  
  66  6:11  Medivac, SCV  
  69  6:13  Medivac  
  69  6:15  Marine  
  69  6:17  SCV  
  74  6:19  Orbital Command  
  74  6:24  Terran Infantry Weapons Level 1  
  74  6:25  Terran Infantry Armor Level 1  
  74  6:27  SCV  
  74  6:29  SCV  
  76  6:33  Siege Tank  
  76  6:36  Marine  
  76  6:39  SCV  
  81  6:41  SCV  
  81  6:44  Orbital Command  
  82  6:51  Medivac x2, SCV  
  82  6:53  SCV  
  87  6:55  Marine  
  87  6:59  Barracks Reactor x2, Barracks  
  88  7:03  SCV  
  88  7:04  Barracks  
  88  7:05  SCV  
  90  7:10  SCV  
  90  7:14  Refinery  
  90  7:15  Marine, SCV  
  92  7:16  Siege Tank, Refinery  
  92  7:17  SCV  
  92  7:22  SCV  
  98  7:23  Barracks  
  98  7:27  SCV  
  100  7:30  SCV  
  100  7:34  SCV  
  101  7:44  SCV  
  100  7:46  SCV  
  100  7:48  Marine x2  
  100  7:49  Barracks Reactor  
  101  7:52  Supply Depot  
  101  7:53  Supply Depot  
  101  7:54  Armory  
  101  7:57  Combat Shields  
  101  8:03  Supply Depot  
  101  8:04  Supply Depot  
  101  8:09  Barracks Reactor  
  101  8:13  Supply Depot, Marine x3, Siege Tank, SCV  
  101  8:14  Marine x2, SCV  
  101  8:15  Supply Depot  
  101  8:16  Medivac x2  
  115  8:25  Sensor Tower  
  115  8:26  Marine  
  116  8:29  Marine  
  116  8:31  Marine x3  
  116  8:32  Marine x2  
  116  8:33  Factory  
  121  8:44  Marine  
  121  8:46  Marine  
  121  8:47  Siege Tank  
  121  8:48  Marine x2  
  124  8:49  Marine x3  
  124  8:50  Marine x2  
  123  9:02  Marine  
  108  9:04  Marine  
  108  9:06  Marine x2  
  108  9:07  Marine x3  
  108  9:08  Marine x2  
  111  9:17  Orbital Command  
  111  9:19  Marine, Siege Tank  
  111  9:22  Marine  
  111  9:24  Marine x5  
  113  9:25  Marine x2  
  111  9:37  Marine  
  112  9:40  Marine  
  112  9:41  SCV x2, Marine, Refinery  
  112  9:42  Marine x4, Barracks x2  
  112  9:43  Marine x2, Factory  
  122  9:55  Marine, SCV x2  
  122  9:56  Terran Infantry Weapons Level 2, Terran Infantry Armor Level 2  
  122  9:58  Marine  
  122  9:59  Marine x2  
  127  10:00  Marine x3  
  127  10:01  Marine x2  
  127  10:02  Terran Vehicle Weapons Level 1  
  133  10:10  Medivac  
  133  10:12  Medivac  
  133  10:13  Marine  
  138  10:15  Marine, Sensor Tower  
  138  10:17  Marine x2  
  138  10:18  Marine x3, Refinery  
  138  10:19  Marine  
  145  10:22  Marine  
  146  10:31  Marine  
  146  10:33  Marine  
  146  10:35  Marine  
  149  10:40  Supply Depot  
  149  10:41  Supply Depot  
  149  10:42  Marine, Siege Tank, Medivac  
  155  10:46  Marine x2  
  157  10:51  Barracks Reactor  
  157  10:52  Barracks Reactor  
  157  10:53  Factory Tech Lab  
  157  10:59  Marine  
  157  11:01  Marine x5  
  157  11:03  Marine  
  163  11:04  Marine  
  163  11:10  Marine  
  165  11:14  Siege Tank  
  165  11:17  Marine  
  162  11:19  Marine x4  
  162  11:23  Siege Tank  
  162  11:24  Marine x2  
  162  11:25  Marine  
  138  11:27  Marine x3  
  107  11:59  Siege Tank  
  108  12:14  Barracks  
  108  12:15  Barracks  
  106  12:18  Barracks  
  86  12:45  Orbital Command  
  83  13:01  Marine x3  
  83  13:02  Widow Mine  
  88  13:06  Marine x3  
  91  13:15  Marine  
  91  13:17  Supply Depot x2, Marine x2  
  91  13:19  Supply Depot, Marine x3  
  92  13:20  Supply Depot x2  
  92  13:21  Marine  
  91  13:33  Marine  
  87  13:34  Marine x2  
  87  13:37  Marine x3  
  87  13:39  Marine  
  93  14:01  Command Center  
Tags
 
Add a new tag
Caveats
  • Supply blocks, unpowered buildings, or Contaminate may cause inaccurate times.
  • Supply counts are checked every 10 seconds.